 Dungeon Crawl Stone Soup version 0.30-b1-2-g02819fbbbe (webtiles) character file.

Game seed: 13998837275765157659

121 maniek23 the Vexing (level 5, -1/40 HPs)
             Began as a Gnoll Hexslinger on July 26, 2023.
             Slain by an orc
             ... wielding a +0 war axe
              (6 damage)
             ... on level 3 of the Dungeon.
             The game lasted 00:05:47 (1491 turns).

maniek23 the Vexing (Gnoll Hexslinger)              Turns: 1491, Time: 00:05:48

Health: -1/40      AC:  3    Str: 10    XL:     5   Next: 5%
Magic:  9/9        EV: 13    Int: 12    God:
Gold:   68         SH:  0    Dex: 14    Spells: 9/10 levels left

rFire   . . .        b - +2 dagger (venom)
rCold   . . .        (no shield)
rNeg    . . .        r - +0 leather armour
rPois   .            (no helmet)
rElec   .            (no cloak)
rCorr   .            (no gloves)
SInv    .            (no boots)
Will    .....        (no amulet)
Stlth   ++           (no ring)
HPRegen 0.26/turn    (no ring)
MPRegen 0.11/turn

%: no passive effects
@: no status effects
A: fangs 1, strong nose, distributed training
a: no special abilities


You were on level 3 of the Dungeon.
You visited 1 branch of the dungeon, and saw 4 of its levels.

You collected 128 gold pieces.
You spent 60 gold pieces at shops.

Inventory:

Hand Weapons
 a - a +1 sling
 b - a +2 dagger of venom (weapon)
Armour
 c - a +0 robe
 r - a +0 leather armour (worn)
Scrolls
 f - a scroll of silence {unknown}
 g - a scroll of amnesia {unknown}
 h - 2 scrolls of enchant weapon {unknown}
 i - 2 scrolls of identify {unknown}
 k - a scroll of immolation {unknown}
 m - 2 scrolls of fog {unknown}
 p - a scroll of blinking {unknown}
 q - a scroll of noise {unknown}
 t - a scroll of poison
Potions
 d - 2 potions of curing
 e - 2 potions of invisibility {unknown}
 j - 2 potions of degeneration {unknown}
 l - a potion of attraction {unknown}
 n - a potion of might {unknown}
 o - a potion of lignification {unknown}
 s - a potion of ambrosia {unknown}
 u - a potion of flight


   Skills:
 + Level 2.9 Fighting
 + Level 1.4 Short Blades
 + Level 1.4 Long Blades
 + Level 1.4 Axes
 + Level 1.4 Maces & Flails
 + Level 1.4 Polearms
 + Level 1.4 Staves
 + Level 4.7 Ranged Weapons
 + Level 1.4 Throwing
 + Level 1.4 Armour
 + Level 4.7 Dodging
 + Level 1.4 Stealth
 + Level 1.4 Shields
 + Level 1.4 Unarmed Combat
 + Level 3.1 Spellcasting
 + Level 1.1 Conjurations
 + Level 5.5 Hexes
 + Level 1.1 Summonings
 + Level 1.1 Necromancy
 + Level 1.1 Translocations
 + Level 1.1 Transmutations
 + Level 1.1 Fire Magic
 + Level 1.1 Ice Magic
 + Level 1.1 Air Magic
 + Level 1.1 Earth Magic
 + Level 1.1 Poison Magic
 + Level 1.5 Invocations
 + Level 1.4 Evocations


You had 9 spell levels left.
You knew the following spells:

 Your Spells              Type           Power      Damage    Failure   Level
a - Slow                  Hex            60%        N/A       3%          1

Your spell library contained the following spells:

 Spells                   Type           Power      Damage    Failure   Level
 Magic Dart               Conj           16%        1d3       21%         1
 Inner Flame              Hex/Fire       9%         N/A       24%         3
 Portal Projectile        Hex/Tloc       18%        N/A       24%         3
 Call Imp                 Summ           8%         N/A       30%         2
 Cause Fear               Hex            7%         N/A       32%         4
 Mephitic Cloud           Conj/Pois/Air  4%         N/A       52%         3


Dungeon Overview and Level Annotations

Branches:
Dungeon (4/15)
 Temple: D:4-7

Altars:

Shops:
D:2 !


Innate Abilities, Weirdness & Mutations

You have very sharp teeth.
Your uncanny sense of smell can sniff out nearby items.
Your experience applies equally to all skills.


Message History

Things that are here:
a +0 hand axe; an orc corpse
There is a stone staircase leading up, spattered with blood here.
You climb upwards.
The orc closely misses you. x2
There is a stone staircase leading down, spattered with blood here.
Your +2 dagger of venom begins to drip with poison!
b - a +2 dagger of venom (weapon)
You barely miss the orc. The hobgoblin hits you.
The orc hits you with a +0 war axe. The orc closely misses you.
You hit the orc.
The orc is poisoned.
The orc is lightly wounded.
The orc hits you with a +0 war axe. The orc closely misses you.
The hobgoblin barely misses you.
You barely miss the orc.
The orc is moderately wounded.
The orc hits you with a +0 war axe! The orc misses you.
The hobgoblin closely misses you.
You barely miss the orc.
The orc is moderately wounded.
The orc closely misses you. The orc misses you. The hobgoblin hits you.
You hit the orc.
The orc looks as sick as possible!
Your bite misses the orc.
The orc is almost dead.
You kill the orc!
The hobgoblin hits you. The orc hits you with a +0 war axe.
You hit the orc but do no damage.
The orc is poisoned.
The orc hits you with a +0 war axe.
* * * LOW HITPOINT WARNING * * *
The hobgoblin hits you but does no damage.
You closely miss the orc. The hobgoblin closely misses you.
The orc barely misses you.
You closely miss the hobgoblin. The orc hits you with a +0 war axe.
* * * LOW HITPOINT WARNING * * *
The hobgoblin hits you but does no damage.
You hit the hobgoblin.
The hobgoblin is poisoned.
The hobgoblin is moderately wounded.
The orc barely misses you. The hobgoblin barely misses you.
The orc attacks as you move away! The orc hits you with a +0 war axe.
* * * LOW HITPOINT WARNING * * *
The orc attacks as you move away! The orc hits you with a +0 war axe.
You die...

#.<.......#
#..:......#
#.........#
#.........#
#.........#
#......)..#
#.$.......#
#......g..#
#.....@o..#
##........#
##...........
####....####
#....# #....#
#.....
#.###..


You could see an orc (poisoned) and a hobgoblin (very poisoned).

Vanquished Creatures
  An orc wizard (D:4)
  A gnoll (D:4)
  5 adders
  A worm (D:2)
  2 orcs (D:3)
  2 ball pythons
  3 bats (D:1)
  4 endoplasms
  A giant cockroach (D:1)
  5 hobgoblins (D:1)
  2 quokkas (D:1)
  3 frilled lizards
  2 goblins (D:2)
  5 kobolds
  2 rats
39 creatures vanquished.

Vanquished Creatures (others)
  An orc (D:4)
1 creature vanquished.

Grand Total: 40 creatures vanquished

Notes
Turn   | Place    | Note
-------+----------+-------------------------------------------
     0 | D:1      | maniek23 the Gnoll Hexslinger began the quest for the Orb.
     0 | D:1      | Reached XP level 1. HP: 17/17 MP: 4/4
    45 | D:1      | Found a faded altar of an unknown god.
   118 | D:1      | Reached XP level 2. HP: 23/23 MP: 5/5
   837 | D:2      | Reached XP level 3. HP: 28/28 MP: 7/7
   916 | D:2      | Reached skill level 1 in Invocations
  1058 | D:2      | Reached skill level 1 in Short Blades
  1058 | D:2      | Reached skill level 1 in Long Blades
  1058 | D:2      | Reached skill level 1 in Axes
  1058 | D:2      | Reached skill level 1 in Maces & Flails
  1058 | D:2      | Reached skill level 1 in Polearms
  1058 | D:2      | Reached skill level 1 in Staves
  1058 | D:2      | Reached skill level 1 in Throwing
  1058 | D:2      | Reached skill level 1 in Armour
  1058 | D:2      | Reached skill level 1 in Stealth
  1058 | D:2      | Reached skill level 1 in Shields
  1058 | D:2      | Reached skill level 1 in Unarmed Combat
  1058 | D:2      | Reached skill level 1 in Evocations
  1065 | D:2      | Found Parowk's Distillery.
  1107 | D:2      | Bought a potion of flight for 30 gold pieces
  1107 | D:2      | Bought a potion of curing for 30 gold pieces
  1234 | D:2      | Reached XP level 4. HP: 34/34 MP: 8/8
  1305 | D:4      | Reached skill level 1 in Conjurations
  1305 | D:4      | Reached skill level 1 in Summonings
  1305 | D:4      | Reached skill level 1 in Necromancy
  1305 | D:4      | Reached skill level 1 in Translocations
  1305 | D:4      | Reached skill level 1 in Transmutations
  1305 | D:4      | Reached skill level 1 in Fire Magic
  1305 | D:4      | Reached skill level 1 in Ice Magic
  1305 | D:4      | Reached skill level 1 in Air Magic
  1305 | D:4      | Reached skill level 1 in Earth Magic
  1305 | D:4      | Reached skill level 1 in Poison Magic
  1413 | D:4      | Noticed a gnoll sergeant
  1424 | D:4      | Reached XP level 5. HP: 39/40 MP: 9/9
  1491 | D:3      | Slain by an orc

Illustrated notes

Levels and vault maps discovered:
D:1:      minmay_arrival_four_circles, layout_loops_ring,
          shapermc_ecumenical_altar_acropolis, minmay_heptomino_d4
D:2:      layout_loops_ring, serial_shops, nicolae_shop_industrial_runoff
D:3:      layout_rooms, minivault_27, uniq_grinder, uniq_natasha, uniq_jessica,
          uniq_ijyb
D:4:      layout_loops_ring

Skill      XL: |  1  2  3  4 |
---------------+-------------+-----
Invocations    | 1 |  1.5
Short Blades   | 1 |  1.4
Long Blades    | 1 |  1.4
Axes           | 1 |  1.4
Maces & Flails | 1 |  1.4
Polearms       | 1 |  1.4
Staves         | 1 |  1.4
Throwing       | 1 |  1.4
Armour         | 1 |  1.4
Stealth        | 1 |  1.4
Shields        | 1 |  1.4
Unarmed Combat | 1 |  1.4
Evocations     | 1 |  1.4
Spellcasting   | 3 |  3.1
Conjurations   | 1 |  1.1
Summonings     | 1 |  1.1
Necromancy     | 1 |  1.1
Translocations | 1 |  1.1
Transmutations | 1 |  1.1
Fire Magic     | 1 |  1.1
Ice Magic      | 1 |  1.1
Air Magic      | 1 |  1.1
Earth Magic    | 1 |  1.1
Poison Magic   | 1 |  1.1
Fighting       | |  2.9
Ranged Weapons | |  4.7
Dodging        | |  4.7
Hexes          | |  5.5

Action                     |  1- 3 |  4- 6 || total
---------------------------+-------+-------++-------
  Melee: Dagger            |       |    16 ||    16
         Bite              |       |     1 ||     1
   Fire: Sling             |    75 |    26 ||   101
   Cast: Slow              |       |     5 ||     5
 Armour: Robe              |     3 |       ||     3
         Leather armour    |     1 |     8 ||     9
  Dodge: Dodged            |     6 |    33 ||    39
